 Dungeon Crawl Stone Soup version 0.16.0-11-gd45b091 (webtiles) character file.

102 rjames93 the Conjurer (level 4, -1/33 HPs)
             Began as a Draconian Conjurer on Mar 17, 2015.
             Slain by a quokka (2 damage)
             ... on level 3 of the Dungeon.
             The game lasted 00:02:46 (1557 turns).

rjames93 the Conjurer (Draconian Conjurer)          Turns: 1557, Time: 00:02:47

Health: -1/33      AC:  5    Str: 11    XL:     4   Next: 49%
Magic:  8/8        EV: 12    Int: 16    God:
Gold:   92         SH:  0    Dex: 11    Spells: 1 memorised, 7 levels left

rFire  . . .     SeeInvis .       - Unarmed
rCold  . . .     Clarity  .     (armour unavailable)
rNeg   . . .     SustAb   .     (no shield)
rPois  .         Gourm    .     (helmet restricted)
rElec  .         Spirit   .     (no cloak)
rCorr  .         Warding  .     (no gloves)
rMut   .         Stasis   .     (no boots)
MR     .....                    (no amulet)
Stlth  ++........               (no ring)
                                n - ring of wizardry

@: lethally poisoned (-1 -> -6), very slightly contaminated, constricted, not
resistant to hostile enchantments, unstealthy
A: unfitting armour, cold-blooded, AC +5
a: no special abilities


You were on level 3 of the Dungeon.
You were very hungry.

You visited 1 branch of the dungeon, and saw 3 of its levels.

You collected 92 gold pieces.

Inventory:

Jewellery
 n - a ring of wizardry (left hand)
Scrolls
 d - a scroll of magic mapping {unknown}
 e - a scroll of teleportation {unknown}
 j - a scroll of identify {unknown}
 l - a scroll of amnesia {unknown}
 m - a scroll of random uselessness {unknown}
Potions
 p - a potion of restore abilities {unknown}
Books
 c - a book of Conjurations

   Spells                             Type                      Level
   a - Magic Dart                     Conjuration                  1
   b - Searing Ray                    Conjuration                  2
   c - Dazzling Spray                 Conjuration/Hexes            3
   d - Fulminant Prism                Conjuration/Hexes            4
   e - Iskenderun's Mystic Blast      Conjuration                  4
   f - Iskenderun's Battlesphere      Conjuration/Charms           5
Comestibles
 b - 2 bread rations
 g - a slice of pizza
 h - a meat ration
 o - a royal jelly


   Skills:
 + Level 0.2 Fighting
 + Level 2.6 Dodging
 + Level 1.9 Stealth
 + Level 1.0 Unarmed Combat
 + Level 2.5 Spellcasting
 + Level 4.9 Conjurations


You had 7 spell levels left.
You knew the following spells:

 Your Spells              Type           Power        Failure   Level  Hunger
a - Magic Dart            Conj           ###.         1%          1    #......


Dungeon Overview and Level Annotations

Branches:
Dungeon (3/15)

Altars:
Ru


Innate Abilities, Weirdness & Mutations

Your plain brown scales are hard (AC +5).
Your body does not fit into most forms of armour.
Your cold-blooded metabolism reacts poorly to cold.


Message History

The ball python constricts you.
You hit the ball python but do no damage.
The quokka twitches its whiskers.
The quokka bites you. The adder bites you.
* * * LOW HITPOINT WARNING * * *
The ball python barely misses you. The ball python constricts you.
The quokka bites you.
* * * LOW HITPOINT WARNING * * *
The adder bites you.
* * * LOW HITPOINT WARNING * * *
You are lethally poisoned!
The adder poisons you!
Drink which item? (? for menu, Esc to quit)
It was a potion of magic.
Magic courses through your body.
* * * LOW HITPOINT WARNING * * *
You feel sick. The ball python bites you.
* * * LOW HITPOINT WARNING * * *
The ball python constricts you. The adder barely misses you.
The quokka bites you.
You die...

#.## ...# ...#
.>.# ...# .
...####
.....####r.......
#?....@S.......
#.......S........
.#.<...........
##.##.#....... ..
#. ....### # #.
....# #. ....# #.
.... . .


You could see an adder, a quokka and a ball python.

Vanquished Creatures
  6 adders
  A worm (D:2)
  8 goblins
  4 hobgoblins
  A quokka (D:2)
  3 ball pythons
  4 bats
  A giant cockroach (D:1)
  A giant newt (D:3)
  6 kobolds
  6 rats
41 creatures vanquished.

Notes
Turn   | Place    | Note
--------------------------------------------------------------
     0 | D:1      | rjames93, the Draconian Conjurer, began the quest for the Orb.
     0 | D:1      | Reached XP level 1. HP: 14/14 MP: 3/3
   326 | D:1      | Reached XP level 2. HP: 17/20 MP: 0/4
   845 | D:2      | HP: 1/20 [poisoned by an adder]
   913 | D:2      | Reached XP level 3. HP: 18/26 MP: 0/6
  1151 | D:2      | Reached XP level 4. HP: 25/33 MP: 1/7
  1360 | D:2      | Found a sacrificial altar of Ru.
  1471 | D:2      | Reached skill level 1 in Unarmed Combat
  1557 | D:3      | HP: 1/33 [ball python (1)]
  1557 | D:3      | Slain by a quokka

Action                   |  1- 3 |  4- 6 || total
-------------------------+-------+-------++-------
Melee: Unarmed           |    76 |     8 ||    84
 Cast: Magic Dart        |    47 |    18 ||    65
  Use: Potion            |     4 |     1 ||     5
  Eat: Chunk             |     1 |       ||     1
       Fruit             |       |     1 ||     1
